 Dungeon Crawl Stone Soup version 0.13-a0-2519-g3c5fe84 (webtiles) character file.

636 JacquesDerrida the Magician (level 7, -7/46 HPs)
             Began as a Mummy Air Elementalist on July 24, 2013.
             Mangled by a gnoll
             ... wielding a +0,+1 halberd
              (10 damage)
             ... on Level 5 of the Dungeon.
             The game lasted 00:16:26 (6110 turns).

JacquesDerrida the Magician (MuAE)                  Turns: 6110, Time: 00:16:26

HP  -7/46        AC  2     Str 11      XL: 7   Next: 21%
MP  15/17        EV 12     Int 16      God:
Gold 18          SH  0     Dex 12      Spells:  4 memorised,  5 levels left

Res.Fire  : . . .   See Invis. : .   l - staff of fire
Res.Cold  : + . .   Warding    : .   a - +0 robe
Life Prot.: + + +   Conserve   : .   (no shield)
Res.Poison: +       Res.Corr.  : .   (no helmet)
Res.Elec. : .       Clarity    : .   (no cloak)
Sust.Abil.: . .     Spirit.Shd : .   (no gloves)
Res.Mut.  : .       Stasis     : .   (no boots)
Res.Rott. : +       Flight     : .   (no amulet)
Saprovore : . . .                    (no ring)
                                     i - ring of wizardry

@: somewhat resistant to hostile enchantments, unstealthy
A: no food or potions, fire vulnerability, restore body, cold resistance 1, life
protection 3, poison resistance, torment resistance, unbreathing
a: no special abilities


You were on level 5 of the Dungeon.
You were not hungry.

You visited 2 branches of the dungeon, and saw 6 of its levels.

You collected 145 gold pieces.
You spent 147 gold pieces at shops.

Inventory:

Hand weapons
 f - a -1,+0 orcish dagger (quivered)
 o - a +2,+2 whip of reaching
Missiles
 n - 4 curare-tipped needles
Armour
 a - a +0 robe (worn)
Magical devices
 s - a wand of lightning (3)
 u - a wand of digging (9) {unknown}
Scrolls
 c - 6 scrolls of identify
 d - 4 scrolls of enchant weapon I {unknown}
 e - a scroll of random uselessness {unknown}
 g - 9 scrolls of teleportation
 h - a scroll of fear {unknown}
 j - a scroll of fog {unknown}
 k - 2 scrolls of remove curse {unknown}
 m - 2 scrolls of recharging {unknown}
 p - 2 scrolls of noise {unknown}
 q - 2 scrolls of blinking {unknown}
 r - a scroll of curse armour {unknown}
 t - a scroll of enchant armour
Jewellery
 i - a ring of wizardry (left hand)
Books
 b - a book of Air

   Spells                             Type                      Level
   *Shock                             Conjuration/Air              1
   *Swiftness                         Charms/Air                   2
   *Repel Missiles                    Charms/Air                   2
   Flight                             Charms/Air                   3
   Static Discharge                   Conjuration/Air              3
   *Lightning Bolt                    Conjuration/Air              5
Magical staves
 l - an uncursed staff of fire (weapon)


   Skills:
 - Level 1.5 Dodging
 - Level 1.5 Stealth
 - Level 4.7 Spellcasting
 + Level 4.1 Conjurations
 + Level 3.4 Air Magic


You had 5 spell levels left.
You knew the following spells:

 Your Spells              Type           Power        Failure   Level  Hunger
a - Shock                 Conj/Air       ###.         1%          1    N/A
b - Repel Missiles        Chrm/Air       #.........   5%          2    N/A
c - Swiftness             Chrm/Air       #.........   5%          2    N/A
d - Lightning Bolt        Conj/Air       ###.......   58%         5    N/A

Dungeon Overview and Level Annotations

Branches:
Dungeon (5/27)             Temple (1/1) D:4

Altars:
Ashenzari
Cheibriados
Elyvilon
Fedhas
Kikubaaqudgha
Makhleb
Nemelex Xobeh
Okawaru
Trog
Vehumet
Xom
the Shining One

Shops:
D:4: ?

Annotations
D:1 vault
D:3 horsemans' ghost, average MiFi


Innate Abilities, Weirdness & Mutations

You do not eat or drink.
Your flesh is vulnerable to fire.
Your flesh is cold resistant.
You are immune to negative energy.
Your system is resistant to poisons.
You are immune to unholy pain and torment.
You can survive without breathing.


Message History

Confirm with . or Enter, or press ? or * to list all spells.
Aiming: Shock
Press: ? - help, Shift-Dir - straight line The zap hits the gnoll.
The gnoll is moderately wounded.
The zap hits the gnoll.
The gnoll is moderately wounded.
The gnoll hits you from afar with a spear.
Casting: Shock
Confirm with . or Enter, or press ? or * to list all spells.
Aiming: Shock
Press: ? - help, Shift-Dir - straight line The zap hits the gnoll.
The gnoll is heavily wounded.
The zap misses the gnoll.
The gnoll barely misses you.
The gnoll hits you from afar with a halberd!
* * * LOW HITPOINT WARNING * * *
There is a stone staircase leading up here.
The gnoll hits you from afar with a halberd!
You die...

# .# ### ### .#
..###.. ..# .. #...#
#..####
..##g@.##.......# ##
#.#...#.#..# #.#
#..###g...# ## #..
#.#.#.##### #.#
#.####.#.g..##### #.#
#..............#
#.###%##..........##.
#..Z#...............
#.<.##..............


You could see 2 gnolls.

Vanquished Creatures
  An ogre (D:4)
  A centaur (D:4)
  2 hounds
  A giant frog skeleton (D:4)
  3 worker ants (D:4)
  An orc wizard (D:4)
  An iguana (D:4)
  2 scorpions (D:4)
  Ijyb (D:4)
  Jessica (D:2)
  2 adders (D:2)
  4 gnolls (D:4)
  An inept feature mimic (D:2)
  4 worms
  A giant gecko (D:1)
  4 orcs (D:4)
  11 bats
  5 giant cockroaches
  9 hobgoblins
  9 jackals
  10 kobolds
  2 ball pythons
  4 giant newts
  10 goblins
  A goblin skeleton (D:4)
  A kobold skeleton (D:4)
  3 quokkas
  6 rats
101 creatures vanquished.

Vanquished Creatures (others)
  An ogre (D:5)
  A centaur (D:5)
  An iguana (D:5)
  A hobgoblin (D:5)
  A bat (D:5)
5 creatures vanquished.

Grand Total: 106 creatures vanquished

Notes
Turn   | Place    | Note
--------------------------------------------------------------
     0 | D:1      | JacquesDerrida, the Mummy Air Elementalist, began the quest for the Orb.
     0 | D:1      | Reached XP level 1. HP: 13/13 MP: 3/3
    69 | D:1      | Reached skill level 1 in Conjurations
   287 | D:1      | Reached XP level 2. HP: 13/19 MP: 1/4
  1040 | D:2      | Reached XP level 3. HP: 20/24 MP: 0/6
  1049 | D:2      | Noticed Jessica
  1106 | D:2      | Killed Jessica
  1348 | D:2      | Learned a level 2 spell: Repel Missiles
  1351 | D:2      | Learned a level 2 spell: Swiftness
  1495 | D:2      | Reached skill level 3 in Spellcasting
  1522 | D:2      | Reached XP level 4. HP: 20/30 MP: 1/9
  1976 | D:3      | Noticed horsemans' ghost (average MiFi)
  2603 | D:3      | Found a shattered altar of Ashenzari.
  3401 | D:4      | Reached XP level 5. HP: 8/35 MP: 1/11
  3677 | D:4      | Reached skill level 4 in Spellcasting
  4368 | D:4      | Reached XP level 6. HP: 41/41 MP: 11/14
  4398 | D:4      | Found a staircase to the Ecumenical Temple.
  4404 | Temple   | Entered the Ecumenical Temple
  4692 | D:4      | Noticed a centaur
  5038 | D:4      | Noticed an ogre
  5048 | D:4      | Killed an ogre
  5289 | D:4      | Found Apnioc's Magic Scroll Shoppe.
  5290 | D:4      | Noticed Ijyb
  5301 | D:4      | Killed Ijyb
  5311 | D:4      | Bought a scroll of enchant armour for 77 gold pieces
  5311 | D:4      | Bought a scroll of teleportation for 42 gold pieces
  5311 | D:4      | Bought a scroll of identify for 28 gold pieces
  5390 | D:4      | Killed a centaur
  5390 | D:4      | Reached XP level 7. HP: 5/46 MP: 15/17
  5756 | D:5      | Entered Level 5 of the Dungeon
  5998 | D:4      | Learned a level 5 spell: Lightning Bolt
  6110 | D:5      | Mangled by a gnoll

Action                   |  1- 3 |  4- 6 |  7- 9 || total
-------------------------+-------+-------+-------++-------
Melee: Dagger            |    64 |       |       ||    64
       Unarmed           |     9 |       |       ||     9
       Staff             |       |    55 |       ||    55
 Cast: Shock             |    63 |   166 |    30 ||   259
       Swiftness         |       |     2 |       ||     2
       Repel Missiles    |       |     4 |       ||     4
Evoke: Wand              |       |     1 |     1 ||     2
  Use: Scroll            |       |     1 |       ||     1
